AA SOUTH
MISSISSIPPI BRAVES @ TENNESSEE SMOKIES
09/05/2041
 
TOP OF THE 1ST
Mississippi Braves batting - Pitching for Tennessee Smokies : RHP Jermaine McConrey
Pitching: RHP Jermaine McConrey
Batting: LHB Octávio Méndez 0-0: Called Strike
0-1: Foul Ball, location: 2F
0-2: Strikes out swinging
Batting: RHB José Vargas 0-0: Ball
1-0: Fly out, F8 (Flyball, 8RM, EV 93.8 MPH)
Batting: RHB Wilbert McDonald 0-0: Ball
1-0: Ground out 6-3 (Groundball, 6, EV 98.8 MPH)
Top of the 1st over - 0 runs, 0 hits, 0 errors, 0 left on base; Mississippi 0 - Tennessee 0
BOTTOM OF THE 1ST
Tennessee Smokies batting - Pitching for Mississippi Braves : LHP Luis Días
Pitching: LHP Luis Días
Batting: LHB Norberto Liñares 0-0: Foul Ball, location: 5DF
0-1: Ground out 4-3 (Groundball, 4, EV 84.4 MPH)
Batting: RHB Raúl Morales 0-0: Ball
1-0: SINGLE (Line Drive, 8RS, EV 90.0 MPH)
Batting: RHB Greg Stewart 0-0: Ball
1-0: Swinging Strike
Pickoff Throw to First - Out! 1-3 CS
1-1: Swinging Strike
1-2: Strikes out swinging
Bottom of the 1st over - 0 runs, 1 hit, 0 errors, 0 left on base; Mississippi 0 - Tennessee 0
TOP OF THE 2ND
Mississippi Braves batting - Pitching for Tennessee Smokies : RHP Jermaine McConrey
Batting: RHB Kevin Dooley 0-0: Foul Ball, location: 2F
0-1: Ground out 5-3 (Groundball, 56, EV 103.8 MPH)
Batting: LHB Jim Hammer 0-0: Ball
1-0: Foul Ball, location: 3F
1-1: Swinging Strike
1-2: Ball
2-2: Ball
3-2: Base on Balls
Batting: RHB Darryl Hayes 0-0: Grounds into double play, 4-6-3 (Groundball, 4M, EV 92.5 MPH)
Top of the 2nd over - 0 runs, 0 hits, 0 errors, 0 left on base; Mississippi 0 - Tennessee 0
BOTTOM OF THE 2ND
Tennessee Smokies batting - Pitching for Mississippi Braves : LHP Luis Días
Batting: RHB Chris Morris 0-0: Ball
1-0: Fly out, F9 (Flyball, 9S, EV 86.9 MPH)
Batting: LHB Deron Hatfield 0-0: Foul Ball, location: 7LDF
0-1: Ball
1-1: Foul Ball, location: 2F
1-2: Foul Ball, location: 23FF
1-2: Ground out 4-3 (Groundball, 4, EV 106.9 MPH)
Batting: RHB Pepe Vega 0-0: Ground out 6-3 (Groundball, 56, EV 91.9 MPH)
Bottom of the 2nd over - 0 runs, 0 hits, 0 errors, 0 left on base; Mississippi 0 - Tennessee 0
TOP OF THE 3RD
Mississippi Braves batting - Pitching for Tennessee Smokies : RHP Jermaine McConrey
Batting: SHB Tsuginori Koike 0-0: Ball
1-0: Called Strike
1-1: Foul Ball, location: 7LDF
1-2: Strikes out swinging
Batting: RHB Danny Riach 0-0: Called Strike
0-1: Ball
1-1: Ball
2-1: SINGLE (Line Drive, 34D, EV 102.5 MPH)
Batting: RHB Luis Morán 0-0: Foul Ball, location: 2F
0-1: Foul Ball, location: 2F
0-2: Ball
1-2: Ball
2-2: Ball
3-2: Base on Balls
Danny Riach to second
Batting: LHB Octávio Méndez 0-0: Called Strike
0-1: Ball
1-1: Ball
2-1: Foul Ball, location: 25FF
2-2: Strikes out swinging
Batting: RHB José Vargas 0-0: Foul Ball, location: 7LDF
0-1: Swinging Strike
0-2: Ground out U3 (Groundball, 3, EV 103.8 MPH)
Top of the 3rd over - 0 runs, 1 hit, 0 errors, 2 left on base; Mississippi 0 - Tennessee 0
BOTTOM OF THE 3RD
Tennessee Smokies batting - Pitching for Mississippi Braves : LHP Luis Días
Batting: RHB Wilson Díaz 0-0: Ball
1-0: Ball
2-0: Foul Ball, location: 2F
2-1: SOLO HOME RUN (Flyball, 78XD, EV 106.9 MPH), Distance : 424 ft
Batting: LHB Jorge García 0-0: Ball
1-0: Ball
2-0: Ball
3-0: Base on Balls
Batting: RHB Ricky Sargent 0-0: Ball
Wild Pitch!
Jorge García to second
1-0: Called Strike
1-1: Foul Ball, location: 2F
1-2: Ball
2-2: Fly out, F9 (Flyball, 9S, EV 81.3 MPH)
Batting: LHB Norberto Liñares 0-0: Ball
1-0: Ground out U3 (Groundball, 3D, EV 89.4 MPH)
Jorge García to third
Batting: RHB Raúl Morales 0-0: Ball
1-0: Ball
2-0: SINGLE (Line Drive, 89M, EV 87.5 MPH)
Jorge García scores
Batting: RHB Greg Stewart 0-0: Called Strike
0-1: SINGLE (Flyball, 3D, EV 91.3 MPH)
Raúl Morales to second
Runner from 2nd tries for 3rd, SAFE, no throw by RF
Batting: RHB Chris Morris 0-0: Called Strike
0-1: Called Strike
0-2: Ball
1-2: Strikes out swinging
Bottom of the 3rd over - 2 runs, 3 hits, 0 errors, 2 left on base; Mississippi 0 - Tennessee 2
TOP OF THE 4TH
Mississippi Braves batting - Pitching for Tennessee Smokies : RHP Jermaine McConrey
Batting: RHB Wilbert McDonald 0-0: Ball
1-0: Called Strike
1-1: Ball
2-1: Ball
3-1: Foul Ball, location: 2F
3-2: Foul Ball, location: 2F
3-2: Fly out, F8 (Flyball, 8RD, EV 91.3 MPH)
Batting: RHB Kevin Dooley 0-0: Ball
1-0: Ground out 6-3 (Groundball, 6, EV 85.0 MPH)
Batting: LHB Jim Hammer 0-0: Ball
1-0: Fly out, F7 (Flyball, 7LS, EV 90.0 MPH)
Top of the 4th over - 0 runs, 0 hits, 0 errors, 0 left on base; Mississippi 0 - Tennessee 2
BOTTOM OF THE 4TH
Tennessee Smokies batting - Pitching for Mississippi Braves : LHP Luis Días
Batting: LHB Deron Hatfield 0-0: Ball
1-0: Ball
2-0: Ground out 4-3 (Groundball, 4, EV 107.5 MPH)
Batting: RHB Pepe Vega 0-0: Ball
1-0: Foul Ball, location: 9LMF
1-1: Swinging Strike
1-2: Strikes out swinging
Batting: RHB Wilson Díaz 0-0: Foul Ball, location: 3DF
0-1: Ball
1-1: Swinging Strike
1-2: Strikes out looking
Bottom of the 4th over - 0 runs, 0 hits, 0 errors, 0 left on base; Mississippi 0 - Tennessee 2
TOP OF THE 5TH
Mississippi Braves batting - Pitching for Tennessee Smokies : RHP Jermaine McConrey
Batting: RHB Darryl Hayes 0-0: Ball
1-0: SINGLE (Line Drive, 7S, EV 87.5 MPH)
Batting: SHB Tsuginori Koike 0-0: Bunted foul
0-1: Sac Bunt to 13S - play at first, batter OUT! 1-3
Darryl Hayes to second
Batting: RHB Danny Riach 0-0: Ground out U3 (Groundball, 3S, EV 86.9 MPH)
Darryl Hayes to third
Batting: RHB Luis Morán 0-0: Foul Ball, location: 3FF
0-1: Foul Ball, location: 2F
0-2: Ball
1-2: Ball
2-2: 2-RUN HOME RUN (Flyball, 78XD, EV 102.5 MPH), Distance : 427 ft
Batting: LHB Octávio Méndez 0-0: Called Strike
0-1: Swinging Strike
0-2: Foul Ball, location: 7LDF
0-2: Ball
1-2: Ball
2-2: Foul Ball, location: 3F
2-2: Foul Ball, location: 2F
2-2: Ball
3-2: Foul Ball, location: 2F
3-2: Ground out 6-3 (Groundball, 6MS, EV 67.5 MPH)
Top of the 5th over - 2 runs, 2 hits, 0 errors, 0 left on base; Mississippi 2 - Tennessee 2
BOTTOM OF THE 5TH
Tennessee Smokies batting - Pitching for Mississippi Braves : LHP Luis Días
Batting: LHB Jorge García 0-0: Swinging Strike
0-1: Swinging Strike
0-2: Fly out, F8 (Flyball, 8LM, EV 80.6 MPH)
Batting: RHB Ricky Sargent 0-0: DOUBLE (Flyball, 8RXD, EV 112.5 MPH)
Batting: LHB Norberto Liñares 0-0: Ball
1-0: Ball
2-0: Foul Ball, location: 2RF
2-1: Foul Ball, location: 5SF
2-2: Ground out U3 (Groundball, 34, EV 79.4 MPH)
Ricky Sargent to third
Batting: RHB Raúl Morales 0-0: Called Strike
0-1: Foul Ball, location: 2F
0-2: Strikes out swinging
Bottom of the 5th over - 0 runs, 1 hit, 0 errors, 1 left on base; Mississippi 2 - Tennessee 2
TOP OF THE 6TH
Mississippi Braves batting - Pitching for Tennessee Smokies : RHP Jermaine McConrey
Batting: RHB José Vargas 0-0: Fly out, F7 (Flyball, 78M, EV 83.8 MPH)
Batting: RHB Wilbert McDonald 0-0: Called Strike
0-1: Called Strike
0-2: Foul Ball, location: 2F
0-2: Foul Ball, location: 9LDF
0-2: Ball
1-2: Ball
2-2: Ball
3-2: Base on Balls
Batting: RHB Kevin Dooley 0-0: Called Strike
0-1: Ball
1-1: Grounds into double play, 4-6-3 (Groundball, 4S, EV 88.8 MPH)
Top of the 6th over - 0 runs, 0 hits, 0 errors, 0 left on base; Mississippi 2 - Tennessee 2
BOTTOM OF THE 6TH
Tennessee Smokies batting - Pitching for Mississippi Braves : LHP Luis Días
Batting: RHB Greg Stewart 0-0: Ball
1-0: Ball
2-0: DOUBLE (Line Drive, 89XD, EV 108.8 MPH)
Batting: RHB Chris Morris 0-0: Foul Ball, location: 9LSF
0-1: Ball
1-1: Ball
2-1: Ball
3-1: Swinging Strike
3-2: Ground out 5-3 (Groundball, 5, EV 80.0 MPH)
Batting: LHB Deron Hatfield 0-0: Ball
1-0: Called Strike
1-1: Ball
2-1: Foul Ball, location: 3FF
2-2: Strikes out looking
Batting: RHB Pepe Vega 0-0: SINGLE (Groundball, 4MD, EV 101.9 MPH)
Greg Stewart to third
Runner from 3rd tries for Home, SAFE, throw by CF to home
Batting: RHB Wilson Díaz 0-0: Ball
1-0: Ball
2-0: Called Strike
2-1: Ball
3-1: Called Strike
3-2: Strikes out swinging
Bottom of the 6th over - 1 run, 2 hits, 0 errors, 1 left on base; Mississippi 2 - Tennessee 3
TOP OF THE 7TH
Mississippi Braves batting - Pitching for Tennessee Smokies : RHP Jermaine McConrey
Batting: LHB Jim Hammer 0-0: Ball
1-0: Ball
2-0: Ball
3-0: Base on Balls
Batting: RHB Darryl Hayes 0-0: SINGLE (Line Drive, 8LS, EV 100.6 MPH)
Jim Hammer to second
Batting: SHB Tsuginori Koike 0-0: DOUBLE (Line Drive, 89D, EV 98.1 MPH)
Jim Hammer scores
Darryl Hayes to third
Batting: RHB Danny Riach 0-0: Fly out, F8 (Flyball, 78S, EV 85.6 MPH)
Batting: RHB Luis Morán 0-0: Fielders Choice at home, 6-2 (Groundball, 6, EV 91.3 MPH)
Tsuginori Koike to third
Pitching: RHP Raúl González
Batting: LHB Octávio Méndez 0-0: Ball
1-0: 3-RUN HOME RUN (Flyball, 7LD, EV 93.8 MPH), Distance : 352 ft
Batting: RHB José Vargas 0-0: Foul Ball, location: 7LSFF
0-1: Ball
1-1: Ball
2-1: Foul Ball, location: 5FF
2-2: SINGLE (Groundball, P, EV 90.6 MPH) (infield hit)
Batting: RHB Wilbert McDonald 0-0: Called Strike
0-1: Ball
1-1: Foul Ball, location: 2LF
1-2: DOUBLE (Flyball, 8LXD, EV 96.9 MPH)
José Vargas to third
Runner from 3rd tries for Home, SAFE, no throw by CF
Batting: RHB Kevin Dooley 0-0: Ball
1-0: Ball
2-0: Called Strike
2-1: Ground out 6-3 (Groundball, 6, EV 105.0 MPH)
Top of the 7th over - 5 runs, 5 hits, 0 errors, 1 left on base; Mississippi 7 - Tennessee 3
BOTTOM OF THE 7TH
Tennessee Smokies batting - Pitching for Mississippi Braves : LHP Luis Días
Batting: LHB Jorge García 0-0: Swinging Strike
0-1: SINGLE (Line Drive, 9S, EV 96.9 MPH)
Batting: RHB Ricky Sargent 0-0: Called Strike
0-1: Ball
1-1: Foul Ball, location: 5F
1-2: Foul Ball, location: 3FF
1-2: Foul Ball, location: 3SF
1-2: Foul Ball, location: 3FF
1-2: Ball
2-2: DOUBLE (Flyball, 8RXD, EV 108.8 MPH)
Jorge García to third
Batting: LHB Norberto Liñares 0-0: Called Strike
0-1: Called Strike
0-2: DOUBLE (Line Drive, 7LS, EV 100.0 MPH)
Jorge García scores
Ricky Sargent scores
Pitching: RHP Joe Wellesley
Batting: RHB Raúl Morales 0-0: Called Strike
0-1: Ball
1-1: Ball
2-1: Called Strike
Norberto Liñares steals 3rd base
2-2: Fly out, F8 (Line Drive, 8LM, EV 93.1 MPH)
Runner from 3rd tags up, SCORES, no throw by CF
Batting: LHB Johnathan Alexander 0-0: Swinging Strike
0-1: Ball
1-1: Ball
2-1: Ball
3-1: Foul Ball, location: 2F
3-2: Foul Ball, location: 2F
3-2: Foul Ball, location: 7LSF
3-2: Base on Balls
Pinch Hitting: LHB Juan De Los Santos 0-0: Ball
1-0: Ball
Johnathan Alexander is caught stealing 2nd base 2-6
2-0: Called Strike
2-1: Ball
3-1: Base on Balls
Batting: LHB Deron Hatfield 0-0: Ball
1-0: Ball
2-0: Called Strike
2-1: Called Strike
Juan De Los Santos is caught stealing 2nd base 2-6
Bottom of the 7th over - 3 runs, 3 hits, 0 errors, 0 left on base; Mississippi 7 - Tennessee 6
TOP OF THE 8TH
Mississippi Braves batting - Pitching for Tennessee Smokies : RHP Raúl González
Now in LF: Ricky Sargent
Now in CF: Juan De Los Santos
Batting: LHB Jim Hammer 0-0: Ball
1-0: Ground out 4-3 (Groundball, 13, EV 77.5 MPH)
Batting: RHB Darryl Hayes 0-0: Swinging Strike
0-1: Ball
1-1: Ball
2-1: Swinging Strike
2-2: Ball
3-2: Base on Balls
Batting: SHB Tsuginori Koike 0-0: Ball
1-0: Called Strike
1-1: Called Strike
1-2: Foul Ball, location: 25F
1-2: Ball
2-2: Strikes out swinging
Batting: RHB Danny Riach 0-0: Foul Ball, location: 9LDF
0-1: Swinging Strike
0-2: Strikes out swinging
Top of the 8th over - 0 runs, 0 hits, 0 errors, 1 left on base; Mississippi 7 - Tennessee 6
BOTTOM OF THE 8TH
Tennessee Smokies batting - Pitching for Mississippi Braves : RHP Joe Wellesley
Batting: LHB Deron Hatfield 0-0: Ball
1-0: Ball
2-0: Ball
3-0: Called Strike
3-1: Foul Ball, location: 2F
3-2: Foul Ball, location: 9LDF
3-2: Foul Ball, location: 3DF
3-2: SOLO HOME RUN (Flyball, 9LD, EV 93.8 MPH), Distance : 346 ft
Pinch Hitting: LHB Eric Roach 0-0: Called Strike
0-1: Foul Ball, location: 23F
0-2: Foul Ball, location: 2F
0-2: Ball
1-2: Ball
2-2: Ground out 6-3 (Groundball, 6M, EV 96.9 MPH)
Batting: RHB Wilson Díaz 0-0: Swinging Strike
0-1: Swinging Strike
0-2: DOUBLE (Line Drive, 89M, EV 110.6 MPH)
Batting: LHB Jorge García 0-0: Ball
1-0: Ball
2-0: Fly out, F9 (Line Drive, 9, EV 93.1 MPH)
Batting: RHB Ricky Sargent 0-0: Foul Ball, location: 9LSF
0-1: Ball
1-1: Foul Ball, location: 9LDF
1-2: Strikes out swinging
Bottom of the 8th over - 1 run, 2 hits, 0 errors, 1 left on base; Mississippi 7 - Tennessee 7
TOP OF THE 9TH
Mississippi Braves batting - Pitching for Tennessee Smokies : RHP Raúl González
Now at 3B: Eric Roach
Pinch Hitting: LHB Phil Veeck 0-0: Ball
1-0: Ball
2-0: Swinging Strike
2-1: Ball
3-1: Called Strike
3-2: Foul Ball, location: 25F
3-2: Foul Ball, location: 23FF
3-2: Strikes out swinging
Batting: LHB Octávio Méndez 0-0: Ball
1-0: Ball
2-0: Ball
3-0: Base on Balls
Pitching: RHP Josh Crowe
Pinch Hitting: LHB Luis Ramírez 0-0: Called Strike
0-1: Called Strike
0-2: Ball
1-2: Ball
2-2: Strikes out looking
Batting: RHB Wilbert McDonald 0-0: Called Strike
Octávio Méndez steals 2nd base
0-1: Called Strike
0-2: Ground out U3 (Groundball, 34S, EV 68.8 MPH)
Top of the 9th over - 0 runs, 0 hits, 0 errors, 1 left on base; Mississippi 7 - Tennessee 7
BOTTOM OF THE 9TH
Tennessee Smokies batting - Pitching for Mississippi Braves : RHP Joe Wellesley
Pitching: RHP Chad Payne
Now at 2B: Juan Magana
Now at 3B: Phil Veeck
Batting: LHB Norberto Liñares 0-0: Ball
1-0: Ground out 4-3 (Groundball, 34D, EV 103.1 MPH)
Batting: RHB Raúl Morales 0-0: Ball
1-0: Called Strike
1-1: Called Strike
1-2: Strikes out looking
Batting: LHB Johnathan Alexander 0-0: Called Strike
0-1: Ball
1-1: Ball
2-1: Swinging Strike
2-2: Foul Ball, location: 25F
2-2: Ball
3-2: Foul Ball, location: 2F
3-2: Base on Balls
Batting: LHB Juan De Los Santos 0-0: Fly out, F7 (Flyball, 7LM, EV 90.6 MPH)
Bottom of the 9th over - 0 runs, 0 hits, 0 errors, 1 left on base; Mississippi 7 - Tennessee 7
TOP OF THE 10TH
Mississippi Braves batting - Pitching for Tennessee Smokies : RHP Josh Crowe
Pinch Hitting: LHB Jorge Guevara 0-0: Called Strike
0-1: Ball
1-1: Ball
2-1: SINGLE (Groundball, 4MD, EV 94.4 MPH)
Batting: LHB Jim Hammer 0-0: Called Strike
0-1: Ball
Balk!
Jorge Guevara to second
1-1: Fly out, F3 (Line Drive, 3L, EV 65.6 MPH)
Batting: RHB Darryl Hayes 0-0: Called Strike
0-1: SINGLE (Groundball, 6MD, EV 103.1 MPH)
Jorge Guevara to third
Runner from 3rd tries for Home, SAFE, throw by CF to home
Darryl Hayes to second
Batting: SHB Tsuginori Koike 0-0: Foul Ball, location: 2F
0-1: Ball
1-1: Fly out, F8 (Line Drive, 8RM, EV 110.0 MPH)
Batting: RHB Danny Riach 0-0: Foul Ball, location: 9LMF
0-1: Ground out 5-3 (Groundball, 56, EV 83.1 MPH)
Top of the 10th over - 1 run, 2 hits, 0 errors, 1 left on base; Mississippi 8 - Tennessee 7
BOTTOM OF THE 10TH
Tennessee Smokies batting - Pitching for Mississippi Braves : RHP Chad Payne
Pitching: RHP Oscar Baumgardener
Now at SS: António González
Batting: LHB Deron Hatfield 0-0: Ball
1-0: Foul Ball, location: 25F
1-1: Ball
2-1: Fly out, F8 (Line Drive, 8LM, EV 95.6 MPH)
Batting: LHB Eric Roach 0-0: Called Strike
0-1: Ball
1-1: Ball
2-1: Ball
3-1: Foul Ball, location: 7LSF
3-2: Base on Balls
Batting: RHB Wilson Díaz 0-0: Called Strike
0-1: Ball
1-1: Swinging Strike
1-2: Foul Ball, location: 2F
1-2: Ball
2-2: SINGLE (Groundball, 4MD, EV 93.8 MPH)
Eric Roach to second
Runner from 2nd tries for 3rd, SAFE, throw by CF made to third
Batting: LHB Jorge García 0-0: Ball
1-0: Ball
2-0: Called Strike
2-1: Ball
3-1: Called Strike
3-2: Base on Balls
Wilson Díaz to second
Batting: RHB Ricky Sargent 0-0: Swinging Strike
0-1: Ball
1-1: Swinging Strike
1-2: Strikes out looking
Batting: LHB Norberto Liñares 0-0: Foul Ball, location: 7LDF
0-1: GRAND SLAM HOME RUN (Flyball, 7LD, EV 93.1 MPH), Distance : 350 ft
Bottom of the 10th over - 4 runs, 2 hits, 0 errors, 0 left on base; Mississippi 8 - Tennessee 11
Monday, April 1st , 2024 - OOTP Baseball 24.10 Build 82